 Dungeon Crawl Stone Soup version 0.32-a0-772-g33df2375a9 (webtiles) character file.

Game seed: 2808451558142141537

664804 Essalna the Metallomancer (level 27, -2/177 HPs)
             Began as a Gargoyle Earth Elementalist on Mar 19, 2024.
             Was the Champion of Vehumet.
             Slain by a death cob (13 damage)
             ... on level 4 of the Realm of Zot.
             The game lasted 02:43:31 (73035 turns).

Essalna the Metallomancer (GrEE)                   Turns: 73035, Time: 02:43:31

Health: -2/177     AC: 33    Str: 17    XL:     27
Magic:  9/57       EV: 12    Int: 36    God:    Vehumet [******]
Gold:   9682       SH: 14    Dex: 10    Spells: 14/68 levels left

rFire   + + +        x - +1 hand axe "Buargher" {flame, Will+ Int+3}
rCold   + + .        Z - +2 shield of Resistance {rF++ rC++ Will++}
rNeg    + . .        X - +2 robe {rC+ rF+}
rPois   ∞            R - +2 hat
rElec   +            s - scarf {repulsion}
rCorr   .            l - +2 pair of gloves
SInv    +            q - +1 pair of boots {Stlth+}
Will    +++++        K - amulet "Plog" {RegenMP+ Str+4}
Stlth   ++           b - ring of Qazlal's Favour {Fire Int+4 SInv Stlth-}
HPRegen 0.49/turn    k - ring of magical power
MPRegen 0.75/turn

%: repel missiles
@: about to teleport, flying, very slightly contaminated, slowed, studying 4
skills, very slow
A: sickness immunity, AC +20, big wings, negative energy resistance 1,
electricity resistance, torment resistance 1, petrification resistance, mutation
resistance 1, no potion heal 1
}: 4/15 runes: serpentine, barnacled, slimy, silver
a: Renounce Religion


You were on level 4 of the Realm of Zot.
You worshipped Vehumet.
Vehumet was exalted by your worship.
You visited 13 branches of the dungeon, and saw 57 of its levels.
You visited 2 bazaars.
You also visited: Sewer and Volcano.

You collected 12325 gold pieces.
You spent 2643 gold pieces at shops.

Inventory:

Hand Weapons
 x - the +1 hand axe "Buargher" (weapon) {flame, Will+ Int+3}
   (You found it on level 3 of the Crypt)

   Int+3:     It affects your intelligence (+3).
   Will+:     It increases your willpower.
Missiles
 Y - 15 silver javelins
Armour
 a - the +0 ring mail of Sorcery {rC+ Will++}
   (You found it on level 1 of the Shoals)

   rC+:       It protects you from cold.
   Will++:    It greatly increases your willpower.
 j - a +2 kite shield of protection
 l - a +2 pair of gloves (worn)
 q - a +1 pair of boots of stealth (worn)
 s - a scarf of repulsion (worn)
 F - the +3 Mad Mage's Maulers {Infuse+∞ VampMP -Cast}
   (You found it on level 2 of the Depths)

   Infuse+∞: It empowers its wearer's blows with all of their magic.
   VampMP:    Blows struck in melee replenish the wearer's magic.
   -Cast:     It prevents spellcasting.
 R - a +2 hat (worn)
 U - a +1 kite shield of reflection
 X - a +2 robe of resistance (worn)
 Z - the +2 shield of Resistance (worn) {rF++ rC++ Will++}
   (You found it on level 3 of the Crypt)

   rF++:      It greatly protects you from fire.
   rC++:      It greatly protects you from cold.
   Will++:    It greatly increases your willpower.
Jewellery
 b - the ring of Qazlal's Favour (left hand) {Fire Int+4 SInv Stlth-}
   (You found it on level 3 of the Depths)

   [ring of fire]

   Fire:      It enhances your fire magic.
   Int+4:     It affects your intelligence (+4).
   rF+:       It protects you from fire.
   rC-:       It makes you vulnerable to cold.
   SInv:      It lets you see invisible.
   Stlth-:    It makes you less stealthy.
 c - a ring of magical power
 e - a ring of see invisible
 k - a ring of magical power (right hand)
 m - the ring "Izagev" {Wiz rN++}
   (You found it on level 3 of the Crypt)

   [ring of wizardry]

   Wiz:       It improves your spell success rate.
   rN++:      It greatly protects you from negative energy.
 r - the ring "Riedd" {rF+++ rC+ rN++ Int+3 Dex-4 Stlth-}
   (You found it on level 3 of the Crypt)

   [ring of protection from cold]

   Int+3:     It affects your intelligence (+3).
   Dex-4:     It affects your dexterity (-4).
   rF+++:     It renders you almost immune to fire.
   rC+:       It protects you from cold.
   rN++:      It greatly protects you from negative energy.
   Stlth-:    It makes you less stealthy.
 H - a ring of protection from fire
 K - the amulet "Plog" (around neck) {RegenMP+ Str+4}
   (You took it off a mummy priest on level 1 of the Elven Halls)

   [amulet of magic regeneration]

   It increases your rate of magic regeneration.
   Str+4:     It affects your strength (+4).
   RegenMP+:  It increases your rate of magic regeneration.
 Q - the ring of Neasieh {EV+5 Int+4}
   (You found it on level 5 of the Vaults)

   [ring of evasion]

   EV+5:      It affects your evasion (+5).
   Int+4:     It affects your intelligence (+4).
 S - an amulet of reflection
Wands
 d - a wand of quicksilver (34)
 y - a wand of digging (23)
Scrolls
 f - 4 scrolls of brand weapon
 h - 4 scrolls of silence
 n - 11 scrolls of enchant weapon
 o - 9 scrolls of revelation
 t - 3 scrolls of butterflies
 z - 12 scrolls of fear
 D - 20 scrolls of teleportation
 E - 30 scrolls of identify
 L - 6 scrolls of poison
 M - 5 scrolls of enchant armour
 N - 6 scrolls of vulnerability
 O - 10 scrolls of amnesia
 T - 4 scrolls of fog
 V - 6 scrolls of immolation
 W - 14 scrolls of blinking
Potions
 g - 6 potions of invisibility
 i - 11 potions of haste
 p - 21 potions of curing
 u - 6 potions of might
 v - 12 potions of brilliance
 w - 4 potions of resistance
 A - 10 potions of attraction
 B - 5 potions of heal wounds
 G - 6 potions of mutation
 I - 3 potions of magic
 J - 5 potions of ambrosia
 P - 2 potions of enlightenment
Miscellaneous
 C - a phantom mirror


   Skills:
 + Level 19.3 Fighting
 + Level 11.5 Armour
 + Level 7.0 Dodging
 - Level 2.1 Stealth
 + Level 13.9 Shields
 - Level 21.0 Spellcasting
 - Level 14.8 Conjurations
 + Level 21.8 Fire Magic
 + Level 23.7 Ice Magic
 - Level 4.0 Air Magic
 + Level 25.0 Earth Magic


You had 14 spell levels left.
You knew the following spells:

 Your Spells              Type           Power      Damage    Failure   Level
a - Sandblast             Erth           100%       2d20      0%          1
b - Stone Arrow           Conj/Erth      100%       3d13      0%          3
c - Freezing Cloud        Conj/Ice/Air   48%        6-21      1%          5
d - Iskenderun's Battles  Conj           98%        2d14      1%          5
e - Permafrost Eruption   Ice/Erth       59%        2x4d16    0%          6
f - Shatter               Erth           60%        3d45*     1%          9
g - Polar Vortex          Ice            59%        12d7*     2%          9
h - Ignition              Fire           69%        3d18      1%          8
i - Lehudib's Crystal Sp  Conj/Erth      55%        10d13     1%          8

Your spell library contained the following spells:

 Spells                   Type           Power      Damage    Failure   Level
 Chain Lightning          Conj/Air       40%        3d54      99%         9
 Foxfire                  Conj/Fire      100%       2x1d9     0%          1
 Freeze                   Ice            100%       1d10      0%          1
 Magic Dart               Conj           100%       1d8       0%          1
 Scorch                   Fire           100%       2d9       0%          2
 Searing Ray              Conj           100%       2d8       0%          2
 Frozen Ramparts          Ice            100%       1d16      0%          3
 Hailstorm                Conj/Ice       100%       3d16      0%          3
 Passwall                 Erth           100%       N/A       0%          3
 Brom's Barrelling Bould  Conj/Erth      100%       2d11      0%          4
 Flame Wave               Conj/Fire      100%       2d21      0%          4
 Fireball                 Conj/Fire      65%        3d25      0%          5
 Lee's Rapid Deconstruct  Erth           60%        3d28*     0%          5
 Apportation              Tloc           74%        N/A       1%          1
 Kiss of Death            Conj/Necr      100%       2d13      1%          1
 Necrotise                Necr           100%       1d9       1%          1
 Shock                    Conj/Air       100%       1d9       1%          1
 Summon Small Mammal      Summ           100%       N/A       1%          1
 Blink                    Tloc           74%        N/A       1%          2
 Call Imp                 Summ           74%        N/A       1%          2
 Jinxbite                 Hex            74%        N/A       1%          2
 Lesser Beckoning         Tloc           74%        N/A       1%          2
 Mercury Vapours          Alch/Air       100%       N/A       1%          2
 Momentum Strike          Conj/Tloc      100%       3d10      1%          2
 Dazzling Flash           Conj/Hex       100%       N/A       1%          3
 Inner Flame              Hex/Fire       100%       N/A       1%          3
 Mephitic Cloud           Conj/Alch/Air  70%        N/A       1%          3
 Summon Ice Beast         Ice/Summ       89%        N/A       1%          3
 Swiftness                Air            61%        N/A       1%          3
 Volatile Blastmotes      Fire/Tloc      100%       2d18      1%          3
 Airstrike                Air            30%        2d(5-21)  1%          4
 Animate Armour           Summ/Erth      100%       N/A       1%          4
 Fulminant Prism          Conj/Alch      37%        3d17      1%          4
 Ignite Poison            Fire/Alch      100%       N/A       1%          4
 Iskenderun's Mystic Bla  Conj/Tloc      74%        2d15      1%          4
 Leda's Liquefaction      Alch/Erth      45%        N/A       1%          4
 Petrify                  Alch/Erth      91%        N/A       1%          4
 Sticky Flame             Fire/Alch      100%       2d15      1%          4
 Summon Blazeheart Golem  Fire/Summ      100%       N/A       1%          4
 Arcjolt                  Conj/Air       40%        1d50      1%          5
 Borgnjor's Vile Clutch   Necr/Erth      45%        N/A       1%          5
 Irradiate                Conj/Alch      37%        3d24      1%          5
 Metabolic Englaciation   Hex/Ice        44%        N/A       1%          5
 Bombard                  Conj/Erth      55%        9d9       1%          6
 Conjure Ball Lightning   Conj/Air       40%        3x3d13    1%          6
 Plasma Beam              Fire/Air       57%        2x1d72    1%          6
 Sculpt Simulacrum        Ice/Alch       44%        N/A       1%          6
 Starburst                Conj/Fire      65%        6d17      1%          6
 Ozocubu's Refrigeration  Ice            59%        4d20      1%          7
 Call Canine Familiar     Summ           37%        N/A       3%          3
 Confusing Touch          Hex            37%        N/A       3%          3
 Gell's Gravitas          Tloc           37%        N/A       3%          3
 Sigil of Binding         Hex            37%        N/A       3%          3
 Teleport Other           Tloc           37%        N/A       3%          3
 Vampiric Draining        Necr           37%        2d8       3%          3
 Olgreb's Toxic Radiance  Alch           37%        N/A       3%          4
 Summon Lightning Spire   Summ/Air       51%        N/A       5%          4
 Vhi's Electric Charge    Tloc/Air       100%       N/A       5%          4
 Yara's Violent Unravell  Hex/Alch       18%        3d9       10%         5
 Anguish                  Hex/Necr       18%        N/A       13%         4
 Animate Dead             Necr           37%        N/A       13%         4
 Cause Fear               Hex            18%        N/A       13%         4
 Dimensional Bullseye     Hex/Tloc       18%        N/A       13%         4
 Dispel Undead            Necr           37%        3d15      13%         4
 Manifold Assault         Tloc           37%        N/A       13%         4
 Martyr's Knell           Necr/Summ      37%        N/A       13%         4
 Passage of Golubria      Tloc           37%        N/A       13%         4
 Silence                  Hex/Air        25%        N/A       16%         5
 Fire Storm               Conj/Fire      65%        8d16      17%         9
 Alistair's Intoxication  Alch           24%        N/A       34%         5
 Summon Forest            Summ/Tloc      18%        N/A       34%         5
 Summon Mana Viper        Hex/Summ       37%        N/A       34%         5
 Eringya's Noxious Bog    Alch           18%        4d6       43%         6
 Death Channel            Necr           18%        N/A       89%         6
 Dispersal                Tloc           18%        N/A       89%         6
 Summon Cactus Giant      Summ           18%        N/A       89%         6
 Maxwell's Capacitive Co  Air            30%        ∞         97%         8
 Enfeeble                 Hex            18%        N/A       100%        7
 Haunt                    Necr/Summ      18%        N/A       100%        7
 Malign Gateway           Summ/Tloc      18%        N/A       100%        7
 Summon Hydra             Summ           18%        N/A       100%        7
 Borgnjor's Revivificati  Necr           18%        N/A       100%        8
 Discord                  Hex            18%        N/A       100%        8
 Disjunction              Tloc           18%        N/A       100%        8
 Infestation              Necr           18%        N/A       100%        8
 Summon Horrible Things   Summ           18%        N/A       100%        8
 Death's Door             Necr           18%        N/A       100%        9
 Cigotuvi's Dreadful Rot  Necr/Alch/Air  Unusable   N/A       N/A         2
 Sublimation of Blood     Necr           Unusable   N/A       N/A         2

Dungeon Overview and Level Annotations

Branches:
Dungeon (15/15)            Temple (1/1) D:5            Lair (5/5) D:9
 Shoals (4/4) Lair:3        Snake (4/4) Lair:2        Slime (5/5) Lair:5
    Orc (2/2) D:10            Elf (3/3) Orc:2        Vaults (5/5) D:14
  Crypt (3/3) Vaults:3       Tomb (0/3) Crypt:3      Depths (4/4) D:15
   Hell (visited)             Dis (0/7) Hell            Geh (0/7) Hell
    Coc (0/7) Hell            Tar (0/7) Hell            Zot (5/5) Depths:4
  Sewer (visited)         Volcano (visited)

Altars:
Ashenzari
Cheibriados
Dithmenos
Elyvilon
Fedhas
Gozag
Hepliaklqana
Kikubaaqudgha
Makhleb
Nemelex Xobeh
Okawaru
Qazlal
Ru
Sif Muna
Trog
Uskayaw
Vehumet
Wu Jian
Xom
Yredelemnul
Zin
The Shining One
Beogh
Jiyva

Shops:
Orc:2 *?=(?   Shoals:2 :   Snake:2 =   Snake:4 [   Vaults:2 (   Vaults:3 :
Depths:1 (

Portals:
Hell: Depths:1 Depths:2 Depths:3 Depths:4
Abyss: Depths:1 Depths:3
Pandemonium: Depths:2 Depths:3
Ziggurat: Depths:3

Annotations:
D:7 3 runed translucent doors, fexil's ghost, novice GnAE
Snake:4 2 transporters, Haudoh's ghost, adept CoCK
Vaults:4 1 runed translucent door, GordonOverkill's ghost, adept DsDe
Depths:3 2 transporters


Innate Abilities, Weirdness & Mutations

You are immune to sickness and miasma.
Your stone body is resilient. (AC +20)
You are immune to poison.
Your large and strong wings let you fly.
You resist negative energy. (rN+)
You are resistant to electric shocks. (rElec)
You are resistant to unholy torment.
You are immune to petrification.
You are somewhat resistant to further mutation.
Potions are less effective at restoring your health.


Message History

Unknown command.
As you read the scroll of teleportation, it crumbles to dust.
You feel strangely unstable.
You feel the Orb delaying your translocation!
The death cob barely misses you.
The death cob hits you but does no damage.
The death cob hits you.
* * * LOW HITPOINT WARNING * * *
The death cob drains your vigour!
You feel as though you will be slow longer.
The death cob hits you but does no damage.
You block the death cob's attack. The death cob hits you!
* * * LOW HITPOINT WARNING * * *
The death cob drains your vigour!
You feel as though you will be slow longer.
The death cob attacks as it pursues you!
You block the death cob's attack. x3
The death cob hits you but does no damage.
The death cob attacks as it pursues you!
You block the death cob's attack. The death cob barely misses you.
You block the death cob's attack. x2
The death cob hits you!
* * * LOW HITPOINT WARNING * * *
The death cob drains your vigour!
You feel as though you will be slow longer.
The death cob hits you!!
* * * LOW HITPOINT WARNING * * *
The death cob drains your vigour!
You feel as though you will be slow longer.
The death cob hits you but does no damage.
The death cob closely misses you. The death cob barely misses you.
Your system partially rejects the healing.
You feel much better. The death cob hits you.
* * * LOW HITPOINT WARNING * * *
The death cob drains your vigour!
You feel as though you will be slow longer.
The death cob hits you!
* * * LOW HITPOINT WARNING * * *
The death cob hits you!
You die...

........#........I........#(.#...
......###).........^⌠~~~~####....
.....#.##########.#########......
....##.......##....#..#..........
#..###......##....#.##...#..#....
....#...###.#.......###..#.##....
#........##....##..#..#....#.....
#.......###....#...#...........##
#.......##......@...............#
.........##.....z..............##
^.........#..###..###............
.......##.....##...##............
#....#..##...#...##..............
#.....#......##...#.............#
....##.#......#......<.........##
...#.#.#.......................##
...##.....#......>..#...........#


You could see a death cob.

Vanquished Creatures
  the Royal Jelly (Slime:5)
  Dissolution (Slime:2)
  3 orbs of fire
  A dread lich (Zot:5)
  Mennas (Vaults:4)
  6 ancient liches
  A juggernaut (Depths:2)
  Josephina (Zot:4)
  2 Killer Klowns
  Bai Suzhen (Snake:4)
  A curse toe (Zot:2)
  Geryon (Hell)
  Vashnia (Snake:3)
  A caustic shrike (Vaults:3)
  Nikola (Vaults:2)
  5 golden dragons
  4 bone dragons
  A hellephant (Hell)
  13 tentacled monstrosities
  An electric golem (Zot:2)
  9 Orb Guardians (Zot:5)
  4 liches
  3 deep elf blademasters (Elf:3)
  A walking frostbound tome (Depths:3)
  3 titans (Vaults:5)
  3 quicksilver dragons
  2 deep elf master archers (Elf:3)
  2 krakens
  4 sphinxes
  Gastronok (D:11)
  5 ancient champions
  5 death cobs
  26 acid blobs
  Frances (D:14)
  9 shadow dragons
  Agnes (D:15)
  Kirke (Shoals:1)
  4 revenants
  7 tengu reavers
  15 storm dragons
  Aizul (Snake:1)
  7 draconian knights
  6 nagarajas (Snake:4)
  6 fire giants
  13 rockslimes
  6 iron dragons
  9 azure jellies
  4 protean progenitors
  3 draconian monks
  An emperor scorpion (Zot:4)
  A deep elf elementalist (Elf:3)
  3 draconian shifters (Zot:2)
  6 draconian scorchers
  16 vault wardens
  6 deep elf sorcerers
  12 frost giants
  A ghost moth (Depths:4)
  A balrug (Depths:2)
  2 orc warlords
  4 angels (Zot:4)
  23 ironbound preservers
  Louise (Snake:1)
  8 very ugly things
  A cacodemon (Hell)
  2 ghouls (Crypt:1)
  9 reapers
  2 draconian annihilators (Zot:2)
  4 draconian stormcallers
  14 stone giants
  7 spriggan defenders
  13 quicksilver oozes
  7 formless jellyfish
  6 ironbound thunderhulks
  12 deep elf death magi
  10 vampire knights
  A juggernaut skeleton (Depths:1)
  4 green draconians
  5 purple draconians
  8 deep elf demonologists
  Nessos (Orc:2)
  7 war gargoyles
  11 white draconians
  8 black draconians
  4 spark wasps
  6 deep elf annihilators
  11 red draconians
  8 yellow draconians
  Azrael (D:13)
  2 green deaths (Hell)
  3 blizzard demons (Hell)
  13 ettins
  2 iron golems (Hell)
  4 eidola
  8 crystal guardians
  12 jiangshi
  4 merfolk javelineers
  7 fire dragons
  10 deep elf high priests
  16 great orbs of eyes
  12 yaktaur captains
  A mummy priest (Elf:1)
  2 entropy weavers
  8 hydras
  4 rakshasas
  10 ice dragons
  6 merfolk impalers
  32 vault guards
  6 ogre magi
  3 salamander tyrants (Snake:4)
  Fannar (Lair:1)
  Erolcha (D:13)
  A hell beast (Depths:3)
  2 peacekeepers
  6 ironbound frosthearts
  2 alligator snapping turtles (Shoals:4)
  A merfolk avatar (Shoals:3)
  A quicksilver dragon skeleton (Crypt:2)
  2 spriggan skeletons (Crypt:1)
  6 death knights
  3 radroaches (Vaults:3)
  7 boulder beetles
  15 two-headed ogres
  7 spriggan air magi
  25 centaur warriors
  A satyr (Shoals:3)
  2 death yaks
  A fenstrider witch skeleton (Crypt:3)
  5 anacondas
  3 merfolk aquamancers
  32 dancing weapons
  2 titan zombies (Crypt:3)
  An occultist (Vaults:3)
  Urug (D:13)
  9 vampire magi
  4 deep troll shamans
  2 shock serpents (shapeshifter) (Depths:4)
  6 orc high priests
  A demonic crawler (Hell)
  5 deep troll earth magi
  17 naga warriors
  2 tengu warriors
  21 naga sharpshooters
  7 hell hogs
  12 deep elf knights
  10 soul eaters
  2 spriggan berserkers
  2 fire crabs (Vaults:3)
  4 shock serpents
  Sonja (Lair:4)
  33 hell knights
  6 salamander mystics
  7 sun demons
  8 skysharks
  7 iron trolls
  2 death drakes (Vaults:3)
  27 skeletal warriors
  14 sea snakes
  A glowing orange brain (shapeshifter) (Depths:4)
  6 arcanists
  8 naga ritualists
  18 deep elf archers
  60 deep trolls
  A sun moth (Vaults:3)
  4 bog bodies
  15 mana vipers
  An orange crystal statue (Vaults:3)
  An anaconda zombie (Crypt:1)
  3 orb spiders (Zot:1)
  4 shadow demons
  20 ironbound convokers
  3 golden dragon skeletons
  21 harpies
  4 glowing orange brains
  6 flayed ghosts
  17 necromancers
  An anaconda skeleton (Crypt:3)
  3 alligator zombies (Hell)
  10 phantasmal warriors
  8 lindwurms
  6 orc sorcerers
  Maurice (D:9)
  40 deep elf pyromancers
  3 thermic dynamos
  8 shining eyes
  16 orc knights
  6 fauns
  33 ugly things
  A faun (shapeshifter) (Vaults:5)
  28 deep elf zephyrmancers
  15 manticores
  13 moths of wrath
  7 cyclopes
  A will-o-the-wisp (Vaults:3)
  An alligator skeleton (Hell)
  2 dire elephant zombies
  19 salamanders
  2 frost giant skeletons (Crypt:1)
  A kobold blastminer (Orc:2)
  A stone giant skeleton (Crypt:3)
  10 elephants (Lair:3)
  3 guardian serpents (Snake:4)
  3 large abominations (Depths:1)
  14 vault sentinels
  2 eyes of devastation
  An orange demon (Hell)
  An iron dragon skeleton (Depths:1)
  A fire giant skeleton (Vaults:2)
  A formless jellyfish zombie (Crypt:1)
  3 smoke demons (Depths:2)
  42 black mambas
  4 merfolk sirens
  18 naga magi
  27 cane toads
  2 human skeletons (Vaults:2)
  6 rust devils (Hell)
  2 centaur skeletons
  2 ice statues (Hell)
  2 unseen horrors (Depths:1)
  5 gargoyles
  Maggie (D:7)
  2 molten gargoyles (Vaults:3)
  3 naga skeletons
  10 water nymphs
  An elf zombie (Vaults:2)
  2 kobold demonologists (Elf:1)
  A cane toad (shapeshifter) (D:14)
  8 freezing wraiths
  Jeremiah (D:8)
  An efreet (D:13)
  8 komodo dragons
  4 tengu conjurers
  A yaktaur zombie (Vaults:2)
  A tormentor (Depths:3)
  37 yaktaurs
  A rime drake (Lair:3)
  2 sea snake zombies (Hell)
  A death yak skeleton (Crypt:2)
  2 ice devils (Hell)
  A merfolk (shapeshifter) (Vaults:5)
  20 merfolk
  A shadow dragon simulacrum (Depths:1)
  An alligator snapping turtle skeleton (Crypt:3)
  A ghost moth simulacrum (Zot:4)
  8 trolls
  11 wind drakes
  A harpy zombie (Hell)
  2 hydra zombies (Hell)
  3 polar bears
  A troll (shapeshifter) (D:15)
  A sea snake skeleton (Hell)
  A harpy skeleton (Hell)
  A wind drake (shapeshifter) (Vaults:5)
  2 tarantellas (Vaults:3)
  4 tyrant leeches (Lair:5)
  8 hornets
  An alligator simulacrum (Hell)
  20 blink frogs
  A hydra skeleton (Crypt:1)
  16 dream sheep
  A fire dragon zombie (Crypt:3)
  4 glass eyes
  A raiju (shapeshifter) (Zot:4)
  An ettin zombie (Crypt:3)
  6 air elementals (Shoals:4)
  10 snapping turtles
  A centaur simulacrum (D:10)
  A black mamba zombie (Crypt:3)
  157 slime creatures
  6 fire dragon skeletons (Crypt:2)
  A shadow (D:11)
  34 water elementals
  An ettin skeleton (Crypt:2)
  6 spriggans
  2 wyverns
  A vampire (D:12)
  7 wraiths
  13 fire elementals
  6 basilisks
  64 yaks
  A hog (Shoals:1)
  A human (shapeshifter) (D:14)
  3 wargs
  9 golden eyes
  A wind drake zombie (Crypt:2)
  15 vampire mosquitoes
  A wind drake skeleton (Crypt:1)
  2 redbacks (Vaults:1)
  3 chaos spawn
  54 nagas
  A naga zombie (Hell)
  3 acid dragons
  A harpy simulacrum (Hell)
  11 hell hounds
  15 water moccasins
  4 hydra simulacra (Depths:2)
  26 orc warriors
  3 moth of wrath simulacra (Zot:4)
  41 laughing skulls
  2 sky beasts
  2 black bears
  6 ice beasts
  3 boggarts (Elf:1)
  A centaur (shapeshifter) (Depths:4)
  5 ogres
  8 small abominations (Depths:1)
  16 wolves
  20 centaurs
  2 phantoms
  A swamp dragon skeleton (Crypt:1)
  16 bullfrogs
  An earth elemental (Elf:2)
  A kobold brigand (Sewer)
  A cyclops zombie (Crypt:1)
  2 gnoll sergeants
  4 scorpions
  A water moccasin skeleton (Crypt:2)
  4 killer bees (D:9)
  8 howler monkeys
  7 electric eels
  5 lava snakes
  3 bombardier beetles
  2 jellies (D:5)
  5 hounds
  A gnoll bouda (D:10)
  12 orc priests
  8 iguanas
  16 orc wizards
  7 hell rats (Hell)
  A boggart skeleton (Crypt:2)
  A brain worm zombie (Crypt:1)
  A boggart simulacrum (D:14)
  10 gnolls
  10 adders
  2 river rats (D:5)
  7 shadow imps
  A swamp drake skeleton (Crypt:2)
  2 white imps
  4 ufetubi
  A lava snake zombie (Crypt:2)
  A lava snake skeleton (Crypt:1)
  A dart slug (D:1)
  A ribbon worm (D:3)
  67 orcs
  8 ball pythons
  7 endoplasms
  2 giant cockroaches (D:1)
  5 goblins
  3 hobgoblins
  2 jackals (D:1)
  16 kobolds
  5 quokkas
  2 bats
  2 frilled lizards (D:2)
  A giant cockroach zombie (Sewer)
  3 kobold zombies (Sewer)
  7 rats
  4 aspiring fleshes (Zot:4)
  A tentacle (Shoals:3)
2583 creatures vanquished.

Vanquished Creatures (others)
  Norris (Vaults:3)
  A spriggan zombie (Crypt:3)
  2 humans (Shoals:1)
  4 hydra simulacra (Depths:2)
  An orc priest (Orc:2)
  An orc wizard (Orc:2)
  An orc (Orc:2)
  8 tentacles
19 creatures vanquished.

Grand Total: 2602 creatures vanquished

Notes
Turn   | Place    | Note
-------+----------+-------------------------------------------
     0 | D:1      | Essalna the Gargoyle Earth Elementalist began the quest for
                  | the Orb.
     0 | D:1      | Reached XP level 1. HP: 10/10 MP: 3/3
   123 | D:1      | Reached XP level 2. HP: 15/15 MP: 3/5
   462 | D:1      | Reached skill level 4 in Earth Magic
   506 | D:1      | Found a faded altar of an unknown god.
   736 | D:1      | Reached XP level 3. HP: 19/19 MP: 4/6
  1221 | D:2      | Reached XP level 4. HP: 24/24 MP: 4/8
  1268 | D:2      | Learned a level 3 spell: Stone Arrow
  1829 | D:3      | Reached XP level 5. HP: 18/28 MP: 4/9
  1958 | D:3      | Found a white marble altar of Elyvilon.
  1961 | D:3      | Found a glowing silver altar of Zin.
  1961 | D:3      | Found a hazy altar of Hepliaklqana.
  1977 | D:3      | Found a snail-covered altar of Cheibriados.
  2392 | D:4      | Reached skill level 5 in Earth Magic
  2568 | D:4      | HP: 1/28 [orc priest/divine providence (13)]
  2616 | D:4      | Reached XP level 6. HP: 17/33 MP: 8/11
  2622 | D:4      | Reached skill level 1 in Fighting
  2622 | D:4      | Reached skill level 1 in Armour
  3141 | D:5      | Entered Level 5 of the Dungeon
  3221 | D:5      | Reached XP level 7. HP: 39/39 MP: 8/12
  3524 | D:5      | Found a staircase to the Ecumenical Temple.
  3762 | D:5      | Found a glowing drain.
  3782 | Sewer    | Entered a sewer
  4033 | Sewer    | Found an ancient bone altar of Kikubaaqudgha.
  4051 | Sewer    | Reached skill level 1 in Shields
  4051 | Sewer    | Reached skill level 6 in Earth Magic
  4101 | Sewer    | Reached XP level 8. HP: 45/45 MP: 14/14
  4564 | D:5      | Reached skill level 5 in Conjurations
  4715 | D:5      | Noticed a troll
  4727 | D:5      | Killed a troll
  4728 | D:5      | Reached XP level 9. HP: 22/52 MP: 16/16
  4729 | D:5      | Reached skill level 5 in Spellcasting
  4748 | D:5      | Identified the +7 flail "Lifebane" {pain, Int+2}
  4940 | Temple   | Entered the Ecumenical Temple
  4947 | Temple   | Became a worshipper of Vehumet
  5251 | D:6      | Reached skill level 7 in Earth Magic
  5405 | D:6      | Noticed a gargoyle
  5415 | D:6      | Killed a gargoyle
  5630 | D:6      | You fall into a shaft and drop 1 floor!
  5664 | D:6      | Found an ornate altar of the Wu Jian Council.
  6013 | D:7      | Noticed Maggie
  6020 | D:7      | Killed Maggie
  6021 | D:7      | Reached skill level 5 in Fighting
  6176 | D:7      | Found a runed translucent gate.
  6177 | D:7      | Found a runed translucent gate.
  6178 | D:7      | Found a runed translucent gate.
  6178 | D:7      | Noticed fexil's ghost (novice GnAE)
  6490 | D:8      | Noticed a two-headed ogre
  6498 | D:8      | Reached skill level 8 in Earth Magic
  6502 | D:8      | Killed a two-headed ogre
  6503 | D:8      | Reached XP level 10. HP: 60/60 MP: 9/19
  6844 | D:8      | Noticed Jeremiah
  6851 | D:8      | Killed Jeremiah
  6912 | D:8      | Noticed a two-headed ogre
  6925 | D:8      | Killed a two-headed ogre
  6926 | D:8      | Reached skill level 9 in Earth Magic
  7336 | D:8      | Noticed a manticore
  7341 | D:8      | Killed a manticore
  7434 | D:9      | Noticed Maurice
  7547 | D:9      | Reached * piety under Vehumet
  7547 | D:9      | Offered knowledge of Magic Dart by Vehumet.
  7714 | D:9      | Reached skill level 10 in Earth Magic
  7803 | D:9      | Reached XP level 11. HP: 68/68 MP: 20/20
  7955 | D:9      | Killed Maurice
  8179 | D:9      | Found a staircase to the Lair.
  8298 | D:9      | Noticed a two-headed ogre
  8302 | D:9      | Killed a two-headed ogre
  8414 | D:10     | Entered Level 10 of the Dungeon
  8509 | D:10     | Reached ** piety under Vehumet
  8510 | D:10     | Reached skill level 11 in Earth Magic
  8512 | D:10     | Offered knowledge of Shock by Vehumet.
  8735 | D:10     | Found a roughly hewn altar of Beogh.
  8735 | D:10     | Found a staircase to the Orcish Mines.
  8940 | D:10     | Reached skill level 10 in Conjurations
  9148 | D:10     | Offered knowledge of Static Discharge by Vehumet.
  9454 | D:11     | Identified the +0 leather armour of Marbles {Str+4 Dex+3}
  9556 | D:11     | Reached *** piety under Vehumet
  9625 | D:11     | Noticed Gastronok
  9637 | D:11     | Killed Gastronok
  9638 | D:11     | Reached skill level 10 in Fighting
  9638 | D:11     | Reached skill level 12 in Earth Magic
  9638 | D:11     | Reached XP level 12. HP: 70/77 MP: 13/21
 10149 | D:11     | Noticed a two-headed ogre
 10154 | D:11     | Killed a two-headed ogre
 11075 | Lair:1   | Entered Level 1 of the Lair of Beasts
 11076 | Lair:1   | Found a dark tunnel.
 11110 | Lair:1   | Offered knowledge of Mephitic Cloud by Vehumet.
 11221 | Volcano  | Entered a volcano
 11388 | Volcano  | Reached skill level 13 in Earth Magic
 11388 | Volcano  | Reached **** piety under Vehumet
 11997 | Lair:1   | Reached XP level 13. HP: 86/86 MP: 22/22
 12301 | Lair:1   | Noticed Fannar
 12306 | Lair:1   | Killed Fannar
 12444 | Lair:1   | You fall into a shaft and drop 1 floor!
 12467 | Lair:2   | Reached skill level 14 in Earth Magic
 12545 | Lair:2   | Offered knowledge of Freezing Cloud by Vehumet.
 12675 | Lair:2   | Learned a level 5 spell: Freezing Cloud
 13146 | Lair:2   | Reached skill level 1 in Air Magic
 13314 | Lair:1   | Reached skill level 1 in Ice Magic
 13881 | Lair:2   | Found a staircase to the Snake Pit.
 14763 | Lair:3   | Found a staircase to the Shoals.
 14865 | Lair:3   | Reached ***** piety under Vehumet
 15369 | Lair:3   | Gained mutation: Your large and strong wings let you fly.
                  | [Gargoyle growth]
 15369 | Lair:3   | Reached XP level 14. HP: 94/94 MP: 6/23
 15822 | Lair:4   | Offered knowledge of Iskenderun's Battlesphere by Vehumet.
 15829 | Lair:4   | Learned a level 5 spell: Iskenderun's Battlesphere
 15833 | Lair:4   | Reached skill level 15 in Earth Magic
 15836 | Lair:4   | Noticed Sonja
 15838 | Lair:4   | Killed Sonja
 16103 | Lair:5   | Entered Level 5 of the Lair of Beasts
 18046 | Lair:5   | Reached skill level 16 in Earth Magic
 18475 | Lair:5   | Identified the serpent talisman of Eternity {Str+2}
 18721 | Lair:5   | Offered knowledge of Permafrost Eruption by Vehumet.
 18740 | Lair:5   | Learned a level 6 spell: Permafrost Eruption
 18854 | Lair:5   | Found a viscous altar of Jiyva.
 18854 | Lair:5   | Found a staircase to the Slime Pits.
 19422 | Lair:5   | Reached skill level 5 in Ice Magic
 19869 | Orc:1    | Entered Level 1 of the Orcish Mines
 20052 | Orc:2    | Entered Level 2 of the Orcish Mines
 20089 | Orc:2    | Reached XP level 15. HP: 101/101 MP: 24/24
 20972 | Orc:2    | Found Osifas's Magic Scroll Shoppe.
 20972 | Orc:2    | Found Odybb's Magic Scroll Shop.
 20974 | Orc:2    | Found Byedulladgh's Weapon Shoppe.
 20974 | Orc:2    | Found Caarus's Jewellery Shop.
 21200 | Orc:2    | Noticed Nessos
 21203 | Orc:2    | Killed Nessos
 21435 | Orc:2    | Found a staircase to the Elven Halls.
 21961 | Orc:2    | Found Vossasoth's General Store.
 22069 | Orc:1    | You are sucked into a shaft and drop 1 floor!
 23213 | D:13     | Noticed Urug
 23217 | D:13     | Killed Urug
 23655 | D:13     | Reached skill level 10 in Ice Magic
 23683 | D:13     | Noticed Erolcha
 23685 | D:13     | Killed Erolcha
 23800 | D:13     | Noticed Azrael
 23802 | D:13     | Killed Azrael
 24546 | D:14     | Offered knowledge of Lee's Rapid Deconstruction by Vehumet.
 24654 | D:14     | Noticed Frances
 24666 | D:14     | Killed Frances
 25552 | D:14     | Reached XP level 16. HP: 107/107 MP: 22/25
 26392 | D:14     | Found a gate to the Vaults.
 26499 | D:15     | Entered Level 15 of the Dungeon
 26813 | D:15     | Found a staircase to the Depths.
 27280 | D:15     | Noticed Agnes
 27283 | D:15     | Killed Agnes
 27685 | D:15     | Identified the +0 leather armour of Sunlight {^Contam rN+
                  | rCorr Dex+3}
 28305 | Snake:1  | Entered Level 1 of the Snake Pit
 28482 | Snake:1  | Identified the serpent talisman of Resilience {*Slow +Blink
                  | rF+ Str+5 Int+3}
 28482 | Snake:1  | Noticed Aizul
 28489 | Snake:1  | Killed Aizul
 28624 | Snake:1  | Noticed Louise
 28629 | Snake:1  | Killed Louise
 29803 | Snake:1  | Offered knowledge of Bombard by Vehumet.
 29804 | Snake:1  | Reached skill level 15 in Ice Magic
 30156 | Snake:2  | Reached skill level 15 in Fighting
 30448 | Snake:3  | Noticed Vashnia
 30679 | Snake:2  | Reached XP level 17. HP: 113/113 MP: 24/27
 30894 | Snake:2  | Reached skill level 17 in Earth Magic
 31206 | Snake:2  | Found Nuvvuusi's Jewellery Boutique.
 32128 | Snake:3  | Killed Vashnia
 32588 | Snake:4  | Entered Level 4 of the Snake Pit
 32588 | Snake:4  | Noticed Bai Suzhen
 32856 | Snake:4  | Found Fyla's Antique Armour Shop.
 32982 | Snake:4  | Bought an ichor-stained leather armour for 189 gold pieces
 32982 | Snake:4  | Identified the +0 leather armour of the Frog {rF+ Dex+4}
                  | (You bought it in a shop on level 4 of the Snake Pit)
 32982 | Snake:4  | Bought a runed scarf for 216 gold pieces
 33148 | Snake:4  | Reached ****** piety under Vehumet
 33278 | Snake:4  | Noticed Haudoh's ghost (adept CoCK)
 33300 | Snake:4  | Found a transporter.
 33309 | Snake:4  | Found a transporter.
 33583 | Snake:4  | Killed Bai Suzhen
 33754 | Snake:4  | Reached skill level 18 in Earth Magic
 34282 | Snake:4  | Reached XP level 18. HP: 120/120 MP: 19/30
 34605 | Snake:4  | Reached skill level 5 in Shields
 35204 | Snake:4  | Offered knowledge of Orb of Destruction by Vehumet.
 35512 | Snake:4  | Got a serpentine rune of Zot
 35742 | Shoals:1 | Entered Level 1 of the Shoals
 35895 | Shoals:1 | Noticed Kirke
 35897 | Shoals:1 | Killed Kirke
 36642 | Shoals:1 | Identified the +0 ring mail of Sorcery {rC+ Will++}
 37174 | Shoals:2 | You are sucked into a shaft and drop 1 floor!
 37221 | Shoals:4 | Entered Level 4 of the Shoals
 37251 | Shoals:3 | Offered knowledge of Ozocubu's Refrigeration by Vehumet.
 37960 | Shoals:3 | Reached skill level 10 in Spellcasting
 38658 | Shoals:2 | Identified a scroll of acquirement
 38660 | Shoals:2 | Reached XP level 19. HP: 130/130 MP: 33/33
 38676 | Shoals:2 | Acquired 1372 gold pieces
 38804 | Shoals:2 | Found Xyosm's Vocational Training.
 39135 | Shoals:4 | Reached skill level 19 in Earth Magic
 39477 | Shoals:4 | Reached XP level 20. HP: 136/136 MP: 27/34
 40069 | Shoals:4 | Paralysed by an air elemental for 1 turns
 40071 | Shoals:4 | Paralysed by an air elemental for 1 turns
 40095 | Shoals:4 | Offered knowledge of Spellforged Servitor by Vehumet.
 40580 | Shoals:4 | Got a barnacled rune of Zot
 41524 | Elf:1    | Entered Level 1 of the Elven Halls
 41731 | Elf:1    | Identified the +1 leather armour of Ewikam {Rampage Int+3}
 42099 | Elf:1    | Identified the +2 spear "Xiankosu" {holy, rPois Will+++
                  | Str-4 Stlth-}
 42103 | Elf:1    | Got the Commentary on the Band
 42263 | Elf:1    | Found a shimmering blue altar of Sif Muna.
 42278 | Elf:1    | Paralysed by an air elemental for 1 turns
 42285 | Elf:1    | Paralysed by an air elemental for 1 turns
 42291 | Elf:1    | Paralysed by an air elemental for 1 turns
 42297 | Elf:1    | Paralysed by an air elemental for 1 turns
 42302 | Elf:1    | Paralysed by an air elemental for 1 turns
 42530 | Elf:1    | Identified the amulet "Plog" {RegenMP+ Str+4}
 42948 | Elf:2    | Offered knowledge of Shatter by Vehumet.
 42948 | Elf:2    | Offered knowledge of Chain Lightning by Vehumet.
 42948 | Elf:2    | Offered knowledge of Polar Vortex by Vehumet.
 42968 | Elf:2    | Learned a level 9 spell: Shatter
 43265 | Elf:2    | Identified the +6 trident of the Well-Known Xenops
                  | {protect, Dex+4}
 43332 | Elf:2    | Got the Handbook of Big Dreams And Success
 43371 | Elf:2    | Reached skill level 20 in Earth Magic
 43418 | Elf:2    | Found a runed translucent gate.
 43418 | Elf:2    | Found a runed translucent gate.
 43419 | Elf:2    | Found a runed translucent gate.
 43547 | Elf:2    | Reached skill level 10 in Shields
 43563 | Elf:2    | Found a shimmering blue altar of Sif Muna.
 43982 | Elf:2    | Reached XP level 21. HP: 141/141 MP: 13/36
 44358 | Elf:3    | Entered Level 3 of the Elven Halls
 44414 | Elf:3    | Found a flickering gateway to a bazaar.
 44423 | Bazaar   | Entered a bazaar
 44424 | Bazaar   | Found Siadgh's Book Emporium.
 44424 | Bazaar   | Found Zudoisor's Weapon Emporium.
 44425 | Bazaar   | Found Zuecsutu's Assorted Antiques.
 44442 | Bazaar   | Bought a pair of glowing gloves for 142 gold pieces
 44469 | Bazaar   | Found Nataejoc's Book Shop.
 44765 | Elf:3    | Reached skill level 21 in Earth Magic
 44998 | Elf:3    | Identified the +1 leather armour of Hegeoq {rPois rF- Str+4
                  | Int+3}
 45000 | Elf:3    | Identified the +6 falchion "Beetleslayer" {holy, rElec}
 45001 | Elf:3    | Reached skill level 22 in Earth Magic
 45645 | Elf:3    | Identified the +9 broad axe of Circularity {freeze, Fly}
 45822 | Elf:3    | Identified the +6 trident "Essez" {antimagic, rElec rF+
                  | Will+}
 46253 | Vaults:1 | Entered Level 1 of the Vaults
 46394 | Vaults:1 | Reached skill level 23 in Earth Magic
 46867 | Vaults:1 | Reached skill level 24 in Earth Magic
 46888 | Vaults:1 | Learned a level 9 spell: Polar Vortex
 47039 | Vaults:1 | Reached XP level 22. HP: 147/147 MP: 37/37
 47776 | Vaults:2 | Found Leedu's Weapon Boutique.
 48359 | Vaults:2 | Identified the amulet of the Tuna {Faith Rampage rC- Regen+
                  | Str+2}
 48899 | Vaults:2 | Noticed Nikola
 48903 | Vaults:2 | Killed Nikola
 49095 | Vaults:3 | Got Cerebov's Secrets of Calefaction
 49216 | Vaults:3 | Found Waplibeh's Book Shop.
 49226 | Vaults:3 | Bought a manual of Armour for 1680 gold pieces
 49251 | Vaults:3 | Found a staircase to the Crypt.
 49407 | Vaults:3 | Noticed an ancient lich
 49416 | Vaults:3 | Killed an ancient lich
 49418 | Vaults:3 | Noticed Norris
 49419 | Vaults:3 | Noticed a caustic shrike
 49868 | Vaults:3 | Killed a caustic shrike
 49869 | Vaults:3 | Reached XP level 23. HP: 110/152 MP: 15/38
 50204 | Vaults:3 | Identified the +1 orcbow "Astruown" {heavy, +Blink rF+ rC-
                  | Dex+4}
 50205 | Vaults:3 | Got the Volume of Tinctures
 50317 | Vaults:3 | Killed Norris
 50758 | Vaults:3 | Identified the +9 trident "Riuraop" {heavy, rPois rC+ rCorr
                  | Str+3}
 50791 | Crypt:1  | Entered Level 1 of the Crypt
 51280 | Vaults:4 | Noticed Mennas
 51327 | Vaults:4 | Killed Mennas
 51666 | Vaults:4 | Found a runed translucent door.
 51666 | Vaults:4 | Noticed GordonOverkill's ghost (adept DsDe)
 52095 | Vaults:4 | Identified the +6 short sword "Syis Jira" {protect, rElec
                  | rPois Dex+3}
 52558 | Vaults:5 | Entered Level 5 of the Vaults
 52575 | Vaults:5 | Reached XP level 24. HP: 75/157 MP: 32/40
 52797 | Vaults:4 | Learned a level 8 spell: Ignition
 52799 | Vaults:5 | Paralysed by a sphinx for 2 turns
 52802 | Vaults:5 | Reached skill level 1 in Fire Magic
 52803 | Vaults:5 | Noticed an ancient lich
 52805 | Vaults:5 | Reached skill level 5 in Fire Magic
 53027 | Vaults:5 | Killed an ancient lich
 53453 | Vaults:5 | Got a silver rune of Zot
 53838 | Vaults:5 | Identified the ring of Neasieh {EV+5 Int+4}
 54117 | Vaults:5 | Identified the dragon-blood talisman "Nitaup" {*Corrode
                  | Int+5 Slay+6}
 54171 | Vaults:5 | Identified the +11 rapier "Hydraslayer" {freeze, rPois
                  | Str+3 Dex+2}
 54176 | Vaults:5 | Reached skill level 10 in Fire Magic
 54273 | Vaults:5 | Identified the ring "Atoteam" {rF- rCorr Str-2 Int+6
                  | Slay+5}
 54282 | Vaults:5 | Identified the +0 ring mail "Issom" {+Blink rPois Will-
                  | Dex-4}
 54283 | Vaults:5 | Identified the +0 ring mail of Bixiesm {-Tele rElec Int+3}
 56149 | Crypt:2  | Reached XP level 25. HP: 163/163 MP: 30/41
 56757 | Crypt:2  | Acquired 1168 gold pieces
 56761 | Crypt:2  | Acquired 851 gold pieces
 57169 | Crypt:3  | Entered Level 3 of the Crypt
 57500 | Crypt:3  | Found a basalt altar of Yredelemnul.
 57501 | Crypt:3  | Noticed an ancient lich
 57506 | Crypt:3  | Killed an ancient lich
 57599 | Crypt:3  | Identified the +1 hand axe "Buargher" {flame, Will+ Int+3}
 57754 | Crypt:3  | Reached skill level 15 in Fire Magic
 58377 | Crypt:3  | Got the Quarto of the Ossuary
 58672 | Crypt:3  | Found the +2 shield of Resistance {rF++ rC++ Will++}
 58685 | Crypt:3  | Identified the ring "Izagev" {Wiz rN++}
 58685 | Crypt:3  | Identified the ring "Riedd" {rF+++ rC+ rN++ Int+3 Dex-4
                  | Stlth-}
 58811 | Crypt:3  | Found a staircase to the Tomb.
 59287 | Depths:1 | Entered Level 1 of the Depths
 59296 | Depths:1 | Found a gateway to Hell.
 59323 | Depths:1 | Found a flickering gateway to a bazaar.
 59330 | Bazaar   | Entered a bazaar
 59388 | Bazaar   | Found Ling's Jewellery Shop.
 59390 | Bazaar   | Found Memiary's General Store.
 59395 | Bazaar   | Found Wietis's Assorted Antiques.
 59395 | Bazaar   | Found Qaod Hix's Antique Weapon Boutique.
 59403 | Bazaar   | Bought a scroll of teleportation for 78 gold pieces
 59403 | Bazaar   | Bought a scroll of fear for 104 gold pieces
 59421 | Bazaar   | Bought a crude scimitar for 234 gold pieces
 59421 | Bazaar   | Identified the +6 scimitar of Equilibrium {speed, rF+ Will+
                  | Str+3} (You bought it in a shop in a bazaar)
 59670 | Depths:1 | Reached skill level 15 in Spellcasting
 60133 | Depths:1 | Found a snail-covered altar of Cheibriados.
 60158 | Depths:1 | Found Noxu's Weapon Shop.
 60329 | Depths:1 | Found a one-way gate to the infinite horrors of the Abyss.
 60550 | Depths:2 | Found a one-way gate leading to the halls of Pandemonium.
 60777 | Depths:2 | Found the +3 Mad Mage's Maulers {Infuse+∞ VampMP -Cast}
 60783 | Depths:2 | Reached XP level 26. HP: 168/168 MP: 42/42
 61266 | Depths:2 | Noticed a juggernaut
 61273 | Depths:2 | Killed a juggernaut
 61503 | Depths:1 | Learned a level 8 spell: Lehudib's Crystal Spear
 61997 | Depths:3 | Found a transporter.
 61998 | Depths:3 | Found a transporter.
 62003 | Depths:3 | Identified the ring of Qazlal's Favour {Fire Int+4 SInv
                  | Stlth-}
 62023 | Depths:3 | Acquired a manual of Spellcasting
 62047 | Depths:3 | Found a one-way gateway to a ziggurat.
 62089 | Depths:3 | Identified the +4 hand axe "Plog" {speed, rF- rC+ Will++
                  | Str+3 Dex-5}
 62747 | Depths:3 | Identified the ring "Ekaraemm" {Fire Slay+2}
 62750 | Depths:3 | Identified the +1 cloak of Zegokiw {rPois Int+2}
 62977 | Depths:4 | Entered Level 4 of the Depths
 64054 | Depths:4 | Found a gate to the Realm of Zot.
 64154 | Hell     | Entered the Vestibule of Hell
 64154 | Hell     | Noticed Geryon
 64167 | Hell     | Killed Geryon
 64167 | Hell     | Gained mutation: You sometimes lose your temper in combat.
                  | [a cacodemon]
 64271 | Hell     | Reached XP level 27. HP: 132/173 MP: 46/46
 64567 | Hell     | Found a gateway to the ashen valley of Gehenna.
 64605 | Hell     | Found a gateway to the Iron City of Dis.
 64819 | Hell     | Found a gateway to the freezing wastes of Cocytus.
 64972 | Hell     | Found a gateway to the decaying netherworld of Tartarus.
 65410 | Slime:1  | Entered Level 1 of the Pits of Slime
 65930 | Slime:2  | Noticed Dissolution
 65934 | Slime:2  | Killed Dissolution
 66431 | Slime:3  | Gained mutation: You are frail. (-10% HP) [a shining eye]
 67475 | Slime:5  | Entered Level 5 of the Pits of Slime
 67578 | Slime:5  | Gained mutation: You are weak. (Str -2) [a shining eye]
 67614 | Slime:5  | Noticed the Royal Jelly
 67621 | Slime:5  | Killed the Royal Jelly
 67768 | Slime:5  | Identified the +6 hand axe "Vuorchit" {freeze, Int+2
                  | Stlth+}
 67804 | Slime:5  | Identified the +2 great sword of Cirues {chaos, Fly rN+
                  | Will+ Str+2}
 67842 | Slime:5  | Found the +9 sword of Zonguldrok {reap}
 67859 | Slime:5  | Got a slimy rune of Zot
 68104 | Slime:5  | Reached skill level 5 in Armour
 69089 | Lair:5   | Lost mutation: You are frail. (-10% HP) [potion of
                  | mutation]
 69089 | Lair:5   | Lost mutation: You sometimes lose your temper in combat.
                  | [potion of mutation]
 69089 | Lair:5   | Gained mutation: You have a pair of small antennae on your
                  | head. [potion of mutation]
 69089 | Lair:5   | Gained mutation: Armour fits poorly on your strangely
                  | shaped body. [potion of mutation]
 69089 | Lair:5   | Gained mutation: You are partially covered in iridescent
                  | scales. (AC +2) [potion of mutation]
 69089 | Lair:5   | Gained mutation: You expend magic power (3 MP) to
                  | strengthen your wands. [potion of mutation]
 69090 | Lair:5   | Lost mutation: You are weak. (Str -2) [potion of mutation]
 69090 | Lair:5   | Lost mutation: You are partially covered in iridescent
                  | scales. (AC +2) [potion of mutation]
 69090 | Lair:5   | Lost mutation: You expend magic power (3 MP) to strengthen
                  | your wands. [potion of mutation]
 69090 | Lair:5   | Gained mutation: Your body sometimes deteriorates upon
                  | taking damage. [potion of mutation]
 69091 | Lair:5   | Lost mutation: You have a pair of small antennae on your
                  | head. [potion of mutation]
 69091 | Lair:5   | Lost mutation: Armour fits poorly on your strangely shaped
                  | body. [potion of mutation]
 69091 | Lair:5   | Gained mutation: You expend magic power (3 MP) to
                  | strengthen your wands. [potion of mutation]
 69091 | Lair:5   | Gained mutation: You are somewhat resistant to further
                  | mutation. [potion of mutation]
 69092 | Lair:5   | Lost mutation: Your body sometimes deteriorates upon taking
                  | damage. [potion of mutation]
 69092 | Lair:5   | Lost mutation: You expend magic power (3 MP) to strengthen
                  | your wands. [potion of mutation]
 69425 | Zot:1    | Entered Level 1 of the Realm of Zot
 69651 | Zot:1    | Reached skill level 5 in Dodging
 70734 | Zot:2    | Identified the +4 broad axe of the Lachrymose God {elec,
                  | ^Contam rPois rN+++ Str+2}
 71072 | Zot:2    | Noticed an orb of fire
 71079 | Zot:2    | Killed an orb of fire
 71424 | Zot:3    | Found a snail-covered altar of Cheibriados.
 71640 | Zot:3    | Found an ornate altar of the Wu Jian Council.
 72213 | Zot:4    | Reached skill level 10 in Armour
 72353 | Zot:4    | Identified the ring of Fetsupny {Ice rN+ Str-3 Dex+3}
 72353 | Zot:4    | Noticed Josephina
 72360 | Zot:4    | Killed Josephina
 72621 | Zot:4    | Identified the +7 war axe of Tearunn {holy, rF+ rCorr}
 72712 | Zot:4    | Found a shimmering altar of Xom.
 72712 | Zot:4    | Found a glowing silver altar of Zin.
 72714 | Zot:4    | Found a shimmering altar of Xom.
 72912 | Zot:5    | Entered Level 5 of the Realm of Zot
 72980 | Zot:5    | Noticed an ancient lich
 72980 | Zot:5    | Noticed an orb of fire
 72983 | Zot:5    | Noticed an orb of fire
 72985 | Zot:5    | Noticed a dread lich
 72986 | Zot:5    | Gained mutation: Potions are less effective at restoring
                  | your health. [an orb of fire]
 72987 | Zot:5    | Killed an ancient lich
 72988 | Zot:5    | Killed an orb of fire
 72990 | Zot:5    | Killed an orb of fire
 72990 | Zot:5    | Killed a dread lich
 72990 | Zot:5    | Noticed an ancient lich
 72992 | Zot:5    | Killed an ancient lich
 72992 | Zot:5    | Noticed an ancient lich
 72994 | Zot:5    | Reached skill level 25 in Earth Magic
 72995 | Zot:5    | Killed an ancient lich
 73033 | Zot:4    | HP: 5/177 [death cob (22)]
 73035 | Zot:4    | Slain by a death cob

Illustrated notes

Levels and vault maps discovered:
D:1:      dpeg_arrival_simpleton_b, layout_loops_ring,
          dreamdust_ecumenical_altar_hidden_monk_grotto
D:2:      layout_basic, item_on_display_a
D:3:      layout_loops_ring, nicolae_overflow_quartered_altars
D:4:      layout_cave_pools, chequers_serial_rivers_room_b, minmay_hedge_maze,
          hangedman_glass_teeth, chequers_serial_rivers_micro_d
D:5:      kennysheep_windowed_halls, layout_loops_corners,
          minmay_temple_entry_glassed_door, serial_rivers,
          chequers_serial_rivers_micro_c, chequers_serial_rivers_small_3,
          chequers_serial_rivers_large_a, chequers_serial_rivers_small_b,
          chequers_serial_rivers_micro_e, portal_sewer_entry_b
D:6:      layout_basic, nzn_wu_jian_council_hall, minmay_microvault
D:7:      layout_cave_pools, gammafunk_ghost_nasty_kobolds, hex_tiny,
          uniq_maggie
D:8:      layout_gridville, uniq_jeremiah
D:9:      layout_basic, lair_entry_dummy, kennysheep_generic_room_4,
          uniq_maurice
D:10:     layout_big_octagon, david_orc_5, serial_ice, serial_ice_b,
          serial_ice_n, serial_ice_i, serial_ice_e, serial_ice_h, serial_ice_m,
          serial_ice_c, serial_ice_f
D:11:     layout_cave_pods, uniq_gastronok
D:12:     layout_roguey
D:13:     layout_loops_cross, uniq_azrael, uniq_urug, uniq_erolcha
D:14:     hangedman_cross_cluster, layout_loops_ring,
          nicolae_elevator_lobby_plus, minmay_holes, grunt_tough_drop,
          uniq_frances
D:15:     grunt_enter_depths_giant_problem, layout_basic, uniq_agnes
Temple:   sentei_temple_godly_chess
Lair:1:   layout_misc_corridors, enter_volcano_3, ldierk_geyser, uniq_fannar
Lair:2:   layout_big_grid, nicolae_snake_entry_warm_welcome,
          serial_bayou_shore_b
Lair:3:   layout_regular_city, minmay_shoals_entry_centaurs
Lair:4:   layout_hall_layers, chequers_serial_rivers_large_b,
          grunt_megastairs_1, lemuel_fruit_tree, serial_bayou_shore_b,
          serial_bayou_shore_b, uniq_sonja
Lair:5:   minmay_lair_end_frog_pond, layout_cave_pods, slime_entry_1,
          serial_bayou_pond_c, nicolae_quartered_pool_little,
          infiniplex_staircase_pool
Shoals:1: layout_shoals, uniq_kirke
Shoals:2: layout_shoals, nicolae_shop_vocational
Shoals:3: layout_shoals
Shoals:4: shoals_end_hellmonk_storm_palace [storm_palace_center_circular,
          storm_palace_corner_pillars, storm_palace_corner_grid,
          storm_palace_corner_grid, storm_palace_corner_blocked]
Snake:1:  layout_honeycomb, st_stairs_6, nicolae_snake_gridmaze_squiggle,
          serial_bayou_pond_a, nicolae_snake_gridmaze_zigzag, uniq_louise,
          uniq_aizul
Snake:2:  layout_misc_corridors, serial_shops,
          nicolae_shop_tiny_real_fake_doors, grunt_megastairs_2
Snake:3:  layout_onion_interference, uniq_vashnia
Snake:4:  minmay_snake_end_coiled, layout_basic, serial_shops, shop,
          gammafunk_ghost_arena, uniq_bai_suzhen
Slime:1:  layout_caves
Slime:2:  layout_caves, nicolae_slime_barrier, uniq_dissolution
Slime:3:  layout_caves, nicolae_slime_rock_hall_of_fame
Slime:4:  layout_caves
Slime:5:  slime_pit_nicolae_block_by_block
Orc:1:    layout_diamond_mine
Orc:2:    grunt_orc_tribal_feast, layout_diamond_mine, serial_shops,
          nicolae_shop_rolling_square, uniq_nessos
Elf:1:    eino_elf_arrival_shootout, layout_geoelf_diagonals,
          minmay_elf_demonology, hangedman_summoners_spam
Elf:2:    nicolae_elf_blades_splatter_lattice
          [nicolae_blade_entry_diamond_columns], layout_geoelf_octagon,
          basic_altar, hellmonk_elf_help
Elf:3:    minmay_elf_hall_not_hex, layout_geoelf_castle, serial_shops,
          bzr_entry_dummy
Vaults:1: grunt_vaults_diagonal, ontoclasm_vaults_chip, v_pattern_4,
          vaults_room_corners, hangedman_vaults_nodes,
          nicolae_vaults_tetromino_L_2, nicolae_vaults_murderbox,
          nicolae_vaults_closet_pinwheel_1, nicolae_vaults_trapezoid_3,
          nicolae_vaults_border_crossing, vaults_room_pool,
          layout_vaults_omnicross
Vaults:2: grunt_vaults_funnel, ontoclasm_vaults_decontamination,
          hangedman_vaults_maws, nicolae_vaults_closet_pinwheel_2, v_misc_3,
          nicolae_vaults_meeting, v_misc_11, nicolae_vaults_yaktaur_gun_rack,
          v_misc_23, nicolae_vaults_trapezoid_3, nicolae_vaults_diamond_1,
          nicolae_vaults_diamond_2, nicolae_vaults_oval_intersection,
          layout_vaults_ring, serial_shops, shop, uniq_nikola
Vaults:3: nicolae_vaults_angled_halls, nicolae_vaults_alarming, v_pattern_2,
          nicolae_vaults_statue_guard, vaults_room_ringed_pool,
          vaults_mumra_minichess, vaults_dpeg_diagonal, layout_vaults_quadrants,
          dummy_crypt_entry, serial_shops, shop, serial_magic_research,
          hangedman_research_toxicology, hangedman_research_pyrotechnics,
          hangedman_research_geology, uniq_norris, uniq_margery
Vaults:4: ebering_ghost_reflecting_pool, ontoclasm_vaults_shuriken, v_pattern_1,
          v_rooms_4, nicolae_vaults_trapezoid_4, nicolae_vaults_spaceships,
          vaults_room_hangedman_quadrants, ontoclasm_vaults_bender,
          grunt_vaults_hallway_short, nicolae_vaults_layer_cake_slice,
          nicolae_vaults_offset_grid_hallway_4, v_misc_3, v_misc_12,
          layout_vaults_maze_snakey, uniq_mennas
Vaults:5
Crypt:1:  layout_misc_corridors, nicolae_crypt_deepening_niches,
          grunt_megastairs_5, grunt_crypt_arrival_split
Crypt:2:  cheibrodos_crypt_draghalla, layout_regular_city
Crypt:3:  cryptofortress_bobbens
Depths:1: layout_cave_pools, serial_rivers, chequers_serial_rivers_room_b,
          chequers_serial_rivers_room_a, chequers_serial_rivers_micro_b,
          chequers_serial_rivers_micro_a, chequers_serial_rivers_micro_a,
          hell_entry, serial_shops, bzr_entry_road,
          nicolae_shop_back_alley_shop, minmay_room_of_horrors, slow_altar_2
Depths:2: cheibrodos_hall_of_evolution, layout_small_grid, hellmouth_3,
          pan_entry, grunt_decor_fettered
Depths:3: gammafunk_the_bubble [the_bubble_gammafunk_split], layout_basic,
          enter_ziggurat_d, grunt_pan_entry_sceptre, hangedman_coc_ice_floe,
          abyss_entry, serial_bayou_pond_d
Depths:4: grunt_zot_entry_gee_three, layout_basic, hell_entry,
          minmay_misc_feat_five
Hell
Zot:1:    layout_basic, regret_index_zotdec_plus
Zot:2:    layout_gridlike, regret_index_zotdec_twisting_globes
Zot:3:    layout_gridlike, hangedman_zot_gyre, regret_index_zot_stipple_split
Zot:4:    dreamdust_zin_vs_xom, layout_onion_interference,
          regret_index_zotdec_slimy_original, uniq_josephina
Zot:5:    layout_cellular_growth

Skill      XL: |  1  2  3  4  5  6  7  8  9 10 11 12 13 14 15 16 17 18 19 20 21 22 23 24 25 26 27 |
---------------+----------------------------------------------------------------------------------+-----
Earth Magic    | 4 5 6 8 10 12 13 14 16 18 19 20 24 25 | 25.0
Conjurations   | 2 3 4 5 7 8 10 12 13 14 | 14.8
Spellcasting   | 3 4 6 7 8 10 11 13 14 15 19 21 | 21.0
Fighting       | 1 2 4 6 8 10 12 13 14 15 16 17 18 19 | 19.3
Armour         | 1 2 4 11 | 11.5
Dodging        | 2 3 4 7 |  7.0
Shields        | 1 3 4 7 10 12 13 | 13.9
Air Magic      | 4 |  4.0
Ice Magic      | 3 5 12 15 16 17 21 23 | 23.7
Fire Magic     | 12 16 19 21 | 21.8
Stealth        | |  2.1

Action                     |  1- 3 |  4- 6 |  7- 9 | 10-12 | 13-15 | 16-18 | 19-21 | 22-24 | 25-27 || total
---------------------------+-------+-------+-------+-------+-------+-------+-------+-------+-------++-------
  Melee: Dagger            |     8 |     1 |       |       |       |       |       |       |       ||     9
         Flail             |       |       |       |     2 |   215 |    49 |    33 |    77 |     2 ||   378
         Hand axe          |       |       |       |       |       |       |       |       |    92 ||    92
   Cast: Sandblast         |    47 |    42 |   143 |   219 |    51 |    29 |    16 |       |    13 ||   560
         Stone Arrow       |       |     1 |    27 |   119 |   458 |    24 |    21 |    10 |    33 ||   693
         Iskenderun's Batt |       |       |       |       |     3 |     5 |     3 |       |     1 ||    12
         Permafrost Erupti |       |       |       |       |   160 |   437 |   388 |   376 |   820 ||  2181
         Freezing Cloud    |       |       |       |       |       |     1 |       |       |       ||     1
         Shatter           |       |       |       |       |       |       |       |    89 |    57 ||   146
         Polar Vortex      |       |       |       |       |       |       |       |    17 |    39 ||    56
         Lehudib's Crystal |       |       |       |       |       |       |       |       |    27 ||    27
         Ignition          |       |       |       |       |       |       |       |       |    11 ||    11
  Evoke: Wand              |       |       |       |     3 |     2 |       |       |       |     8 ||    13
    Use: Scroll            |       |    10 |       |     1 |    14 |     3 |     4 |     2 |     5 ||    39
         Potion            |       |     6 |     1 |     1 |     1 |     2 |       |    10 |     5 ||    26
 Armour: Robe              |    10 |    11 |       |       |       |       |   131 |   344 |   363 ||   859
         Skin              |       |    17 |       |       |       |       |       |       |       ||    17
         Leather armour    |       |       |    40 |     7 |       |       |       |       |       ||    47
         Troll leather arm |       |       |    13 |   143 |   265 |   176 |    37 |       |       ||   634
  Dodge: Dodged            |     9 |     8 |    57 |    85 |   331 |   123 |    51 |   127 |   149 ||   940
         Repelled          |       |       |     5 |    21 |     7 |    20 |    35 |    22 |    32 ||   142
  Block: Buckler           |       |       |    27 |   144 |   281 |    67 |       |       |       ||   519
         Reflection        |       |       |       |    23 |    11 |    36 |     5 |    17 |     2 ||    94
         Kite shield       |       |       |       |       |       |    87 |   105 |   170 |   207 ||   569

Table legend: (Time is in decaauts)
 A = Elapsed time spent in this place.
 B = Non-inter-level travel time spent in this place.
 C = Inter-level travel time spent in this place.
 D = Time resting spent in this place.
 E = Time spent auto-exploring this place.
 F = Levels seen in this place.
 G = Mean time per level.
                   A        B        C        D        E       F      G
               +--------+--------+--------+--------+--------+-----+--------+
         Total |  73642 |  69490 |   4152 |   2414 |  56867 |  61 | 1207.2 |
       Dungeon |  16623 |  15355 |   1268 |    110 |  13269 |  15 | 1108.2 |
        Temple |     11 |      8 |      3 |      0 |      0 |   1 |   11.0 |
          Lair |   8569 |   7906 |    663 |     47 |   6477 |   5 | 1713.8 |
        Shoals |   5644 |   5477 |    167 |    359 |   4400 |   4 | 1411.0 |
     Snake Pit |   7419 |   7176 |    243 |    615 |   5624 |   4 | 1854.8 |
    Slime Pits |   3678 |   3487 |    191 |    114 |   2980 |   5 |  735.6 |
  Orcish Mines |   3199 |   2858 |    341 |     89 |   2439 |   2 | 1599.5 |
   Elven Halls |   4525 |   4239 |    286 |      0 |   3467 |   3 | 1508.3 |
        Vaults |   8094 |   7788 |    306 |    456 |   6298 |   5 | 1618.8 |
         Crypt |   4939 |   4700 |    239 |    122 |   3729 |   3 | 1646.3 |
        Depths |   5067 |   4718 |    349 |    389 |   3557 |   4 | 1266.8 |
          Hell |    745 |    727 |     18 |      0 |    599 |   1 |  745.0 |
           Zot |   3542 |   3467 |     75 |      0 |   2971 |   5 |  708.4 |
        Bazaar |    346 |    346 |      0 |      0 |    250 |   2 |  173.0 |
         Sewer |    477 |    477 |      0 |      0 |    335 |   1 |  477.0 |
       Volcano |    756 |    756 |      0 |    113 |    471 |   1 |  756.0 |
               +--------+--------+--------+--------+--------+-----+--------+

Top non-repeatable levels by time:
 Snake:4: 2787 daAuts
  Lair:5: 2677 daAuts
    D:14: 2462 daAuts
Vaults:3: 2132 daAuts
   Orc:2: 2120 daAuts
 Snake:2: 2078 daAuts
Vaults:4: 2018 daAuts
Shoals:4: 1990 daAuts
 Crypt:1: 1881 daAuts
 Snake:1: 1852 daAuts
 Crypt:3: 1847 daAuts
  Lair:3: 1819 daAuts
Shoals:3: 1741 daAuts
     D:5: 1687 daAuts
   Elf:3: 1608 daAuts
